 Dungeon Sprint DCSS version 0.28-a0-957-g42eb19b844 (webtiles) character file.

Game seed: 12004168601243771155

21414 mhtbhm the Warrior (level 12, -3/132 HPs)
             Began as a Minotaur Fighter on Dec 1, 2021.
             Was an Initiate of Gozag.
             Slain by a vampire knight (6 damage)
             ... while paralysed by a vampire knight
             ... in the Dungeon (Sprint IX: "|||||||||||||||||||||||||||||").
             The game lasted 00:07:10 (4963 turns).

mhtbhm the Warrior (Minotaur Fighter)               Turns: 4963, Time: 00:07:11

Health: -3/132     AC: 23    Str: 27    XL:     12   Next: 54%
Magic:  11/11      EV:  2    Int:  5    God:    Gozag
Gold:   3028       SH:  0    Dex:  9    Spells: 11/11 levels left

rFire   . . .      SeeInvis +   a - +14 obsidian axe {vorpal, Mesm Drain Fly SInv}
rCold   . . .      Faith    .   c - +0 buckler
rNeg    . . .      Spirit   .   b - +0 shadow dragon scales
rPois   +          Reflect  .   (helmet restricted)
rElec   .          Harm     .   (no cloak)
rCorr   .          Rampage  .   m - +0 pair of gloves
Will    .....      NoTele   +   y - +1 pair of boots
Stlth   +++++.....              (no amulet)
HPRegen 0.32/turn               x - ring of poison resistance
MPRegen 0.12/turn               o - +2 ring of evasion

@: paralysed, mighty, flying, mesmerised, invisible
A: horns 2, retaliatory headbutt
a: Renounce Religion, Potion Petition, Call Merchant, Bribe Branch


You were in the Dungeon.
You worshipped Gozag.
Gozag was most pleased with you.
You visited 1 branch You collected 7021 gold pieces.
You spent 1375 gold pieces at shops.
You paid 2618 gold pieces to Gozag.

Inventory:

Hand Weapons
 a - the +14 obsidian axe (weapon) {vorpal, Mesm Drain Fly SInv}
   (You bought it in a shop in the Dungeon)

   It inflicts extra damage upon your enemies.
   It occasionally summons demons to assist the wielder when it strikes in
   combat.
   Its wielder is mesmerised by any visible foes.
   It cannot be unequipped while any foes are visible.
   SInv:      It lets you see invisible.
   Fly:       It grants you flight.
   Drain:     It drains your maximum health when unequipped.
Armour
 b - +0 shadow dragon scales (worn)
 c - a +0 buckler (worn)
 m - a +0 pair of gloves (worn)
 y - a +1 pair of boots (worn)
Jewellery
 o - a +2 ring of evasion (right hand)
 v - a ring of see invisible
 w - a ring of protection from cold
 x - a ring of poison resistance (left hand)
Wands
 l - a wand of iceblast (2)
Scrolls
 i - 2 scrolls of enchant weapon
 j - 3 scrolls of blinking
 k - 2 scrolls of amnesia
 p - 5 scrolls of enchant armour
 q - 3 scrolls of fear
 s - a scroll of immolation
 u - a scroll of summoning
Potions
 d - 2 potions of brilliance
 e - 3 potions of curing
 f - 8 potions of heal wounds
 g - a potion of haste
 h - 4 potions of magic
 r - a potion of might
 t - a potion of mutation


   Skills:
 + Level 19.8 Fighting
 + Level 6.8(14.1) Axes
 - Level 19.1(19.5) Polearms
 + Level 19.5 Armour
 + Level 4.3 Dodging
 - Level 9.0 Stealth
 + Level 14.7 Shields
 + Level 2.3 Unarmed Combat
 + Level 3.4 Evocations


You had 11 spell levels left.
You didn't know any spells.
Your spell library was empty.

Dungeon Overview and Level Annotations

Branches:
Dungeon (1/1)

Altars:
Cheibriados
Dithmenos
Elyvilon
Fedhas
Gozag
Hepliaklqana
Kikubaaqudgha
Makhleb
Nemelex Xobeh
Okawaru
Qazlal
Ru
Sif Muna
Trog
Uskayaw
Vehumet
Wu Jian
Xom
Yredelemnul
Zin
The Shining One
Beogh
Jiyva
Lugonu

Shops:
D *(:(


Innate Abilities, Weirdness & Mutations

You have a pair of horns on your head.
You reflexively headbutt those who attack you in melee.


Message History

You see here 63 gold pieces.
You slash the vampire knight!
The vampire knight is no longer distracted by gold.
You headbutt the vampire knight!
The vampire knight is moderately damaged.
The vampire knight hits you with a +1 long sword!
The vampire knight closely misses you.
Unknown command.
You slice the vampire knight!!
You headbutt the vampire knight, but do no damage.
The vampire knight is severely damaged.
The fire giant is no longer distracted by gold.
You block the vampire knight's attack.
The vampire knight bites you but does no damage.
The vampire knight draws life force from you!
* * * LOW HITPOINT WARNING * * *
The vampire knight is healed by the life force!
You slash the vampire knight! You open a gate to Pandemonium!
A demon appears!
You headbutt the vampire knight, but do no damage.
The vampire knight is severely damaged.
The fire dragon is no longer distracted by gold.
The vampire knight casts a spell at you.
You suddenly lose the ability to move!
The vampire knight hits you with a +1 long sword!
* * * LOW HITPOINT WARNING * * *
The vampire knight bites you.
* * * LOW HITPOINT WARNING * * *
The vampire knight draws strength from your injuries!
Your smoke demon gestures at the fire dragon.
The fire dragon is smitten.
The vampire knight draws life force from you!!
* * * LOW HITPOINT WARNING * * *
The vampire knight is healed by the life force!
The vampire knight hits you but does no damage.
The vampire knight bites you but does no damage.
The lich mumbles some strange words.
The lich seems to speed up.
The vampire knight hits you with a +1 long sword.
You die...
Your body crumbles into a pile of gold.

▓▓▓▓▓▓▓▓▓▓▓▓▓▓▓▓▓▓▓▓▓▓▓▓
+.pLCDV@43$..$$$'=......
▓▓▓▓▓▓▓▓▓▓▓▓▓▓▓▓▓▓▓▓▓▓▓▓▓▓▓▓▓▓▓▓▓
...........).....................
.▓▓▓▓▓▓▓▓▓▓▓▓▓▓▓▓▓▓▓▓▓▓▓▓▓▓▓▓▓▓▓▓
.........'.....∩)∩.∩.∩...))'[....
▓▓▓▓▓▓▓▓▓▓▓▓▓▓▓▓▓▓▓▓▓▓▓▓▓▓▓▓▓▓▓▓▓
...).......).))...............)..
.▓▓▓▓▓▓▓▓▓▓▓▓▓▓▓▓▓▓▓▓▓▓▓▓▓▓▓▓▓▓▓▓
....'..[[.[..'[...........'......


You could see a fire giant, a fire dragon (wandering, ally target), a lich
(fast, invisible), a vampire knight (mesmerising, fast, invisible), a
necromancer, a friendly rust devil (summoned) and a friendly smoke demon
(summoned).

Vanquished Creatures
  A very ugly thing (D)
  A spark wasp (D)
  A hydra (D)
  A centaur warrior (D)
  Erica (D)
  A two-headed ogre (D)
  2 tengu warriors (D)
  4 orc high priests (D)
  12 orc knights (D)
  An ugly thing (D)
  2 deep elf pyromancers (D)
  2 cyclopes (D)
  4 cane toads (D)
  A gargoyle (D)
  4 komodo dragons (D)
  Psyche (D)
  An efreet (D)
  A tengu conjurer (D)
  A hornet (D)
  2 trolls (D)
  A tyrant leech (D)
  3 blink frogs (D)
  2 yaks (D)
  A vampire mosquito (D)
  4 water moccasins (D)
  10 orc warriors (D)
  A wolf (D)
  A phantom (D)
  9 bullfrogs (D)
  A hound (D)
  An orc priest (D)
  An iguana (D)
  3 orc wizards (D)
  2 dart slugs (D)
  9 orcs (D)
  A giant cockroach (D)
  A hobgoblin (D)
  A jackal (D)
  A ball python zombie (D)
  A kobold (D)
98 creatures vanquished.

Notes
Turn   | Place    | Note
-------+----------+-------------------------------------------
     0 | D        | mhtbhm the Minotaur Fighter began the quest for the Orb.
     0 | D        | Reached XP level 1. HP: 19/19 MP: 0/0
    12 | D        | Reached XP level 2. HP: 24/28 MP: 1/1
    51 | D        | Noticed a phantom
    56 | D        | Killed a phantom
    57 | D        | Reached XP level 3. HP: 38/38 MP: 2/2
    57 | D        | Reached XP level 4. HP: 45/45 MP: 3/3
    65 | D        | Reached skill level 5 in Polearms
    68 | D        | Reached XP level 5. HP: 52/52 MP: 4/4
    74 | D        | Found a snail-covered altar of Cheibriados.
    74 | D        | Found a shadowy altar of Dithmenos.
    74 | D        | Found a white marble altar of Elyvilon.
    74 | D        | Found a blossoming altar of Fedhas.
    74 | D        | Found an opulent altar of Gozag.
    75 | D        | Found a hazy altar of Hepliaklqana.
    76 | D        | Found a viscous altar of Jiyva.
    77 | D        | Found an ancient bone altar of Kikubaaqudgha.
    78 | D        | Found a corrupted altar of Lugonu.
    79 | D        | Found a burning altar of Makhleb.
    80 | D        | Found a sparkling altar of Nemelex Xobeh.
    81 | D        | Found an iron altar of Okawaru.
    82 | D        | Found a stormy altar of Qazlal.
    84 | D        | Became a worshipper of Gozag Ym Sagoz the Greedy
    86 | D        | Found a sacrificial altar of Ru.
    87 | D        | Found a shimmering blue altar of Sif Muna.
    88 | D        | Found a bloodstained altar of Trog.
    89 | D        | Found a hide-covered altar of Uskayaw.
    90 | D        | Found a radiant altar of Vehumet.
    91 | D        | Found an ornate altar of the Wu Jian Council.
    92 | D        | Found a shimmering altar of Xom.
    93 | D        | Found a basalt altar of Yredelemnul.
    94 | D        | Found a glowing silver altar of Zin.
    95 | D        | Found a glowing golden altar of the Shining One.
   242 | D        | Noticed a yak
   242 | D        | Noticed a komodo dragon
   242 | D        | Noticed a hornet
   242 | D        | Noticed a yak
   242 | D        | Noticed a two-headed ogre
   250 | D        | Killed a two-headed ogre
   251 | D        | Reached skill level 10 in Fighting
   251 | D        | Reached skill level 10 in Armour
   251 | D        | Reached XP level 6. HP: 14/67 MP: 5/5
   251 | D        | Reached XP level 7. HP: 16/73 MP: 6/6
   254 | D        | Killed a yak
   255 | D        | Reached skill level 10 in Shields
   256 | D        | Paralysed by a hornet for 1 turns
   260 | D        | Killed a hornet
   261 | D        | Reached skill level 10 in Polearms
   261 | D        | Reached XP level 8. HP: 26/82 MP: 7/7
   267 | D        | Killed a komodo dragon
   515 | D        | Noticed a deep elf pyromancer
   515 | D        | Noticed a tengu warrior
   515 | D        | Noticed a troll
   515 | D        | Noticed a cyclops
   515 | D        | Noticed a gargoyle
   515 | D        | Noticed a troll
   517 | D        | Killed a troll
   520 | D        | Killed a gargoyle
   527 | D        | Killed a cyclops
   528 | D        | Reached XP level 9. HP: 58/92 MP: 8/8
   530 | D        | Killed a troll
   535 | D        | Killed a tengu warrior
   536 | D        | Reached skill level 1 in Dodging
   536 | D        | Reached skill level 5 in Stealth
   537 | D        | Killed a deep elf pyromancer
   727 | D        | Noticed a cane toad
   727 | D        | Noticed a cane toad
   727 | D        | Noticed a komodo dragon
   743 | D        | Killed a komodo dragon
   749 | D        | Killed a cane toad
   750 | D        | Reached XP level 10. HP: 103/103 MP: 9/9
   754 | D        | Killed a cane toad
   755 | D        | Reached skill level 15 in Polearms
   920 | D        | Noticed a cane toad
   923 | D        | Noticed a cane toad
   928 | D        | Reached skill level 15 in Armour
   985 | D        | Reached skill level 15 in Fighting
  1275 | D        | Killed a cane toad
  1333 | D        | Killed a cane toad
  1559 | D        | Noticed Erica
  1572 | D        | Killed Erica
  1573 | D        | Reached XP level 11. HP: 78/114 MP: 10/10
  1708 | D        | Noticed an orc high priest
  1711 | D        | Noticed an orc knight
  1731 | D        | Noticed a sun demon
  1735 | D        | Killed an orc high priest
  1928 | D        | Killed an orc knight
  1929 | D        | Reached skill level 1 in Evocations
  2581 | D        | Noticed an orc knight
  2596 | D        | Killed an orc knight
  2976 | D        | Found Icib's Antique Weapon Boutique.
  2976 | D        | Noticed an orc knight
  2976 | D        | Noticed an orc knight
  2976 | D        | Noticed an orc high priest
  2976 | D        | Noticed an orc knight
  2976 | D        | Noticed an orc knight
  2983 | D        | Noticed an orc knight
  2986 | D        | Killed an orc knight
  2995 | D        | Killed an orc knight
  3001 | D        | Noticed a sixfirhy
  3001 | D        | Killed an orc high priest
  3008 | D        | Killed an orc knight
  3012 | D        | Killed an orc knight
  3013 | D        | Found Layvvupu's Book Shop.
  3017 | D        | Noticed an orc high priest
  3018 | D        | Killed an orc knight
  3032 | D        | Noticed a sun demon
  3035 | D        | Killed an orc high priest
  3046 | D        | Noticed an orc knight
  3160 | D        | Killed an orc knight
  3381 | D        | Noticed an orc knight
  3397 | D        | Killed an orc knight
  3567 | D        | Found Ijasyt's Weapon Boutique.
  3571 | D        | Found Egono's General Store.
  3574 | D        | Noticed an orc knight
  3575 | D        | Noticed an orc high priest
  3575 | D        | Noticed an orc knight
  3576 | D        | Noticed an orc knight
  3588 | D        | Killed an orc knight
  3602 | D        | Killed an orc high priest
  3603 | D        | Reached XP level 12. HP: 54/128 MP: 11/11
  3778 | D        | HP: 5/128 [orc knight (25)]
  4659 | D        | Bought a scroll of enchant armour for 90 gold pieces
  4659 | D        | Bought a scroll of summoning for 114 gold pieces
  4662 | D        | Bought the +14 obsidian axe {vorpal, Mesm Drain Fly SInv}
                  | for 1171 gold pieces
  4662 | D        | Found the +14 obsidian axe {vorpal, Mesm Drain Fly SInv}
  4687 | D        | Noticed Psyche
  4697 | D        | Killed Psyche
  4915 | D        | Noticed a tengu warrior
  4915 | D        | Noticed a seven-headed hydra
  4917 | D        | Noticed a centaur warrior
  4921 | D        | Reached skill level 1 in Axes
  4921 | D        | Noticed a spark wasp
  4929 | D        | Killed a 12-headed hydra
  4930 | D        | Reached skill level 1 in Unarmed Combat
  4935 | D        | Killed a tengu warrior
  4936 | D        | Noticed a vampire knight
  4938 | D        | Noticed a white very ugly thing
  4939 | D        | Noticed a fire dragon
  4941 | D        | Noticed a fire giant
  4943 | D        | Killed a centaur warrior
  4947 | D        | Noticed a lich
  4949 | D        | Reached skill level 5 in Axes
  4951 | D        | Killed a white very ugly thing
  4956 | D        | Killed a spark wasp
  4960 | D        | Paralysed by a vampire knight for 5 turns
  4962 | D        | HP: 3/132 [vampire knight/vampiric draining (19)]
  4963 | D        | Slain by a vampire knight

Illustrated notes

Levels and vault maps discovered:
D:        linesprint [early_d, line_temple, items_1, d_10, items_2, lair_1,
          lair_end, items_3, orc_1, orc_end, items_4, d_15, swamp_1, shoals_1,
          snake_1, spider_1, d_20, vaults_1, items_5, swamp_end, shoals_end,
          snake_end, spider_end, vaults_end, d_27, items_6, zot_1, zot_end,
          crypt_end, forest_end, elf_end, slime_end, tomb_end, abyss_end,
          pan_hell_end]

Skill      XL: |  1  2  3  4  5  6  7  8  9 10 11 12 |
---------------+-------------------------------------+-----
Fighting       | 4 6 7 10 11 12 14 15 18 19 | 19.8
Armour         | 4 6 7 10 11 12 14 15 18 19 | 19.5
Shields        | 4 6 7 9 10 11 12 13 14 | 14.7
Polearms       | 4 5 9 10 12 14 16 18 19 | 19.1
Stealth        | 2 4 6 8 9 |  9.0
Dodging        | 1 2 3 4 |  4.3
Evocations     | 2 3 |  3.4
Axes           | 6 |  6.8
Unarmed Combat | 2 |  2.3

Action                   |  1- 3 |  4- 6 |  7- 9 | 10-12 || total
-------------------------+-------+-------+-------+-------++-------
Melee: Trident           |    12 |    16 |    54 |   376 ||   458
       Headbutt          |     3 |     4 |    15 |   103 ||   125
       Broad axe         |       |       |       |    33 ||    33
       Unarmed           |       |       |       |     6 ||     6
Invok: Potion Petition   |       |       |     2 |     4 ||     6
Evoke: Wand              |       |       |     1 |     7 ||     8
  Use: Potion            |     1 |     3 |     3 |     4 ||    11
       Scroll            |       |       |       |     2 ||     2
 Stab: Invisible         |       |     1 |     5 |     4 ||    10
       Distracted        |       |       |       |     2 ||     2
       Sleeping          |       |       |       |     2 ||     2
Armor: Scale mail        |     2 |     1 |       |       ||     3
       Plate armour      |       |     1 |     5 |    57 ||    63
       Shadow dragon sca |       |       |       |    30 ||    30
Dodge: Dodged            |     1 |     5 |    13 |    70 ||    89
Block: Buckler           |     2 |     2 |     9 |    69 ||    82

Table legend: (Time is in decaauts)
 A = Elapsed time spent in this place.
 B = Non-inter-level travel time spent in this place.
 C = Inter-level travel time spent in this place.
 D = Time resting spent in this place.
 E = Time spent auto-exploring this place.
 F = Levels seen in this place.
 G = Mean time per level.
                   A        B        C        D        E       F      G
               +--------+--------+--------+--------+--------+-----+--------+
         Total |   4769 |   4769 |      0 |   1553 |   1494 |   1 | 4769.0 |
       Dungeon |   4769 |   4769 |      0 |   1553 |   1494 |   1 | 4769.0 |
               +--------+--------+--------+--------+--------+-----+--------+

Top non-repeatable levels by time:
       D: 4769 daAuts
